 Dungeon Crawl Stone Soup version 0.22.0-6-g71bd7aa (webtiles) character file.

1302 wojtek the Cleaver (level 8, -2/69 HPs)
             Began as a Minotaur Fighter on Aug 15, 2018.
             Slain by a two-headed ogre
             ... wielding a +0 giant spiked club
              (18 damage)
             ... on level 5 of the Dungeon.
             The game lasted 00:06:43 (3580 turns).

wojtek the Cleaver (Minotaur Fighter)               Turns: 3580, Time: 00:06:44

Health: -2/69      AC: 13    Str: 23    XL:     8   Next: 31%
Magic:  9/9        EV:  8    Int:  5    God:
Gold:   271        SH: 10    Dex: 14    Spells: 7/7 levels left

rFire    . . .     SeeInvis .   a - +0 war axe
rCold    . . .     Gourm    .   c - +0 shield
rNeg     + . .     Faith    .   j - +0 chain mail
rPois    .         Spirit   .   (helmet restricted)
rElec    .         Reflect  .   r - +0 cloak
rCorr    .         Harm     .   (no gloves)
MR       .....                  e - +1 pair of boots
Stlth    ..........             (no amulet)
HPRegen  0.21/turn              n - +4 ring of dexterity
MPRegen  0.11/turn              p - ring of positive energy

@: no status effects
A: retaliatory headbutt, horns 2
a: no special abilities


You were on level 5 of the Dungeon.
You were hungry.

You visited 2 branches of the dungeon, and saw 7 of its levels.

You collected 271 gold pieces.

Inventory:

Hand Weapons
 a - a +0 war axe (weapon)
Missiles
 u - 4 tomahawks of returning (quivered)
Armour
 c - a +0 shield (worn)
 e - a +1 pair of boots (worn)
 j - a +0 chain mail (worn)
 r - a +0 cloak (worn)
Jewellery
 n - a +4 ring of dexterity (left hand)
 p - a ring of positive energy (right hand)
 q - a +5 ring of evasion {unknown}
Wands
 s - a wand of digging (16)
 y - a wand of disintegration (17)
Scrolls
 b - 4 scrolls of immolation {unknown}
 h - 3 scrolls of remove curse {unknown}
 i - 2 scrolls of identify {unknown}
 m - 4 scrolls of magic mapping {unknown}
 t - 2 scrolls of teleportation {unknown}
 v - a scroll of amnesia {unknown}
 w - a scroll of enchant weapon {unknown}
Potions
 d - a potion of might
 g - a potion of flight {unknown}
 k - a potion of berserk rage {unknown}
 l - 2 potions of haste {unknown}
 o - 2 potions of curing {unknown}
 z - a potion of heal wounds {unknown}
Comestibles
 f - 9 rations
 x - 2 chunks of flesh


   Skills:
 + Level 5.5 Fighting
 + Level 8.3 Axes
 + Level 5.4 Armour
 + Level 3.5 Dodging
 + Level 5.4 Shields
 + Level 2.7 Evocations


You had 7 spell levels left.
You didn't know any spells.
Your spell library contained the following spells:

 Spells                   Type           Power        Failure   Level  Hunger
 Magic Dart               Conj           #...         100%        1    ##.....
 Conjure Flame            Conj/Fire      #.......     100%        3    ####...
 Slow                     Hex            #.......     100%        2    ###....
 Mephitic Cloud           Conj/Pois/Air  #.......     100%        3    ####...
 Blink                    Tloc           N/A          100%        2    ###....
 Call Imp                 Summ           #.......     100%        2    ###....


Dungeon Overview and Level Annotations

Branches:
Dungeon (6/15)             Temple (1/1) D:5

Altars:
Cheibriados
Dithmenos
Elyvilon
Fedhas
Gozag
Hepliaklqana
Kikubaaqudgha
Nemelex Xobeh
Okawaru
Qazlal
Ru
Trog
Uskayaw
Vehumet
Wu Jian
Xom
Yredelemnul
Zin
The Shining One

Shops:
D:5 [

Annotations:
D:5 1 runed door


Innate Abilities, Weirdness & Mutations

You reflexively headbutt those who attack you in melee.
You have a pair of horns on your head.


Message History

Press: ? - help, Shift-Dir - straight line, f/p - two-headed ogre
Aim: a two-headed ogre, wielding a giant spiked club and a dire flail (heavily wounded, chance to defeat MR: 61%)
The two-headed ogre is blasted.
The phantom blinks!
You block the two-headed ogre's attack. x2
You see here a ring mail.
You are feeling hungry.
There is a stone staircase leading down here.
The two-headed ogre hits you with a giant spiked club!!
* * * LOW HITPOINT WARNING * * *
You block the two-headed ogre's attack.
You block the two-headed ogre's attack. x2
There is a stone staircase leading up here.
The phantom blinks!
The phantom blinks!
There is a stone staircase leading up here.
You hit the phantom.
The phantom is lightly damaged.
Your shield prevents you from hitting the two-headed ogre.
The two-headed ogre hits you with a giant spiked club!!
You die...

........<..)............# #
..#......).......#....### #
......W..##.............#
##
......................###
#.
..#............#.#..#.###
##.
..#........[............#
##..
..#............#.#....###
##...
#.#......###....O#......#
##...# #.#......#
#...#@#....### ##...##
#######..###...#W#....#.#
#...##
#...##...#.#.##.#.###...#
#...##...#.#.##.#.##...##
#...##.#.#.<.##.#.##...#
#[..#.............#...##
#...#......#.##.#.#...# ##
##.##..§...#.#....#...#####
.###
#......§...#.#..#....#....#


You could see a two-headed ogre and a phantom.

Vanquished Creatures
  Grinder (D:4)
  Eustachio (D:5)
  Menkaure (D:4)
  A water moccasin (D:5)
  A sky beast (D:5)
  An ogre (D:4)
  A bullfrog (D:5)
  2 scorpions
  2 bullfrog zombies (D:5)
  A hound (D:4)
  A bullfrog skeleton (D:4)
  A centaur skeleton (D:4)
  An orc wizard (D:5)
  2 worker ants (D:4)
  Robin (D:4)
  4 gnolls (D:4)
  3 adders
  An ooze (D:3)
  2 adder skeletons
  3 worms
  2 leopard geckos
  3 orcs
  2 ball pythons
  5 giant cockroaches
  13 goblins
  7 hobgoblins
  7 jackals
  7 kobolds
  6 quokkas
  5 bats
  6 frilled lizards
  A kobold skeleton (D:5)
  A quokka skeleton (D:4)
  8 rats
104 creatures vanquished.

Notes
Turn   | Place    | Note
-------+----------+-------------------------------------------
     0 | D:1      | wojtek the Minotaur Fighter began the quest for the Orb.
     0 | D:1      | Reached XP level 1. HP: 19/19 MP: 0/0
    49 | D:1      | Reached skill level 3 in Axes
   101 | D:1      | Reached XP level 2. HP: 26/26 MP: 1/1
   328 | D:1      | Reached skill level 4 in Axes
   571 | D:1      | Reached XP level 3. HP: 31/31 MP: 2/2
   823 | D:2      | Reached skill level 5 in Axes
   886 | D:2      | Found a stormy altar of Qazlal.
   888 | D:2      | Found a shadowy altar of Dithmenos.
  1266 | D:3      | Reached XP level 4. HP: 39/39 MP: 3/3
  1323 | D:3      | Found a hide-covered altar of Uskayaw.
  1326 | D:3      | Noticed a hand axe
  1326 | D:3      | Noticed a dagger
  1616 | D:4      | Reached skill level 6 in Axes
  1617 | D:4      | Noticed Robin
  1628 | D:4      | Killed Robin
  1631 | D:4      | Reached XP level 5. HP: 39/45 MP: 4/4
  1679 | D:4      | Reached skill level 7 in Axes
  1872 | D:4      | Noticed an ogre
  1893 | D:4      | Killed an ogre
  1893 | D:4      | Reached XP level 6. HP: 34/52 MP: 5/5
  1905 | D:4      | Reached skill level 1 in Dodging
  2014 | D:4      | Reached skill level 1 in Evocations
  2056 | D:4      | Noticed Menkaure
  2066 | D:4      | Killed Menkaure
  2102 | D:4      | Found an ornate altar of the Wu Jian Council.
  2186 | D:4      | Reached XP level 7. HP: 54/59 MP: 5/7
  2359 | D:4      | Noticed Grinder
  2369 | D:4      | Killed Grinder
  2494 | D:5      | Entered Level 5 of the Dungeon
  2494 | D:5      | Found a staircase to the Ecumenical Temple.
  2508 | Temple   | Entered the Ecumenical Temple
  2764 | D:5      | Noticed Eustachio
  2774 | D:5      | Killed Eustachio
  2774 | D:5      | Reached skill level 5 in Fighting
  2774 | D:5      | Reached skill level 8 in Axes
  2774 | D:5      | Reached skill level 5 in Armour
  2774 | D:5      | Reached skill level 5 in Shields
  2774 | D:5      | Reached XP level 8. HP: 65/68 MP: 8/8
  2785 | D:5      | Found Kimoklio's Armour Emporium.
  3159 | D:5      | Found a runed door.
  3162 | D:5      | Found a basalt altar of Yredelemnul.
  3403 | D:6      | Noticed a two-headed ogre
  3519 | D:5      | HP: 3/69 [two-headed ogre/giant spiked club (20)]
  3580 | D:5      | Slain by a two-headed ogre

Skill      XL: |  1  2  3  4  5  6  7 |
---------------+----------------------+-----
Axes           | 3 4 5 6 7 8 |  8.3
Dodging        | 1 3 |  3.5
Shields        | 4 5 |  5.4
Fighting       | 4 5 |  5.5
Armour         | 4 5 |  5.4
Evocations     | 1 2 |  2.7

Action                   |  1- 3 |  4- 6 |  7- 9 || total
-------------------------+-------+-------+-------++-------
Melee: War axe           |   103 |    98 |    69 ||   270
       Headbutt          |    17 |    20 |    10 ||    47
Evoke: Wand              |       |       |     2 ||     2
  Eat: Chunk             |     1 |     3 |     4 ||     8
Armor: Scale mail        |    13 |       |       ||    13
       Chain mail        |    43 |    43 |    33 ||   119
Dodge: Dodged            |    32 |    16 |    17 ||    65
Block: Shield            |    57 |    42 |    33 ||   132
